 Dungeon Crawl Stone Soup version 0.26-a0-8-gc4d20be10f (webtiles) character file.

Game seed: 14451361626096523377, levelgen mode: deterministic

1224812 hittemvvvvhard the Slayer (level 25, 235/235 HPs)
             Began as a Purple Draconian Ice Elementalist on May 22, 2020.
             Was the Champion of Ru.
             Escaped with the Orb
             ... and 3 runes on May 24, 2020!
             The game lasted 07:51:15 (140609 turns).

hittemvvvvhard the Slayer (DrIE)                  Turns: 140609, Time: 07:51:16

Health: 235/235    AC: 21    Str: 11    XL:     25
Magic:  36/36      EV: 26    Int: 22    God:    Ru [******]
Gold:   1207       SH:  0    Dex: 21    Spells: 1/60 levels left

rFire    + . .     SeeInvis .   a - +9 demon whip (elec)
rCold    + . .     Gourm    .   (shield unavailable)
rNeg     . . .     Faith    .   (armour unavailable)
rPois    .         Spirit   .   (helmet restricted)
rElec    .         Reflect  .   K - +2 cloak
rCorr    +         Harm     .   x - +2 pair of gloves
MR       +++..                  y - +2 pair of boots "Nyc Ask" {rCorr Str+3 Stlth+}
Stlth    ..........             v - amulet of the acrobat
HPRegen  0.49/turn              (ring unavailable)
MPRegen  0.25/turn              F - ring "Tiytsor" {rF+ rC+ Str-4 Dex+5}

@: heavily drained
A: breathe power, unfitting armour, claws 1, talons 1, low mp 1[+1], inhibited
regeneration, evolution 1, cold-blooded, missing a hand, no stealth,
inexperienced 1, missing an eye, AC +12
0: Orb of Zot
}: 3/15 runes: serpentine, barnacled, silver
a: Breathe Dispelling Energy, Draw Out Power, Power Leap, Apocalypse, Renounce
Religion


You escaped.
You worshipped Ru.
Ru was exalted by your worship.
You were not hungry.

You visited 10 branches of the dungeon, and saw 52 of its levels.
You visited the Abyss 3 times.
You visited 1 bazaar.
You also visited: Sewer and Volcano.

You collected 8411 gold pieces.
You spent 7204 gold pieces at shops.

Inventory:

Hand Weapons
 a - a +9 demon whip of electrocution (weapon)
 d - the +9 rapier of Qoclint {protect, rPois rF+ SInv}
   (You found it on level 1 of the Vaults)

   It grants its wielder temporary protection when it strikes (+7 to AC).
   It protects you from fire.
   It protects you from poison.
   It lets you see invisible.
Missiles
 u - 28 javelins (quivered)
 C - 47 silver javelins
 O - 10 throwing nets {=f}
Armour
 x - a +2 pair of gloves (worn)
 y - the +2 pair of boots "Nyc Ask" (worn) {rCorr Str+3 Stlth+}
   (You acquired it on level 5 of the Depths)

   It affects your strength (+3).
   It provides partial protection from all sources of acid and corrosion.
   It makes you more stealthy.
 K - a +2 cloak (worn)
Magical Staves
 b - an uncursed staff of energy {+MP, hungerless spells, !d!a, autoexplore}
 c - an uncursed staff of air {rElec}
Jewellery
 v - an amulet of the acrobat (around neck)
 F - the ring "Tiytsor" (right hand) {rF+ rC+ Str-4 Dex+5}
   (You found it on level 5 of the Lair of Beasts)

   [ring of protection from fire]

   It affects your strength (-4).
   It affects your dexterity (+5).
   It protects you from fire.
   It protects you from cold.
 M - an uncursed ring of protection from magic
 S - an uncursed ring of see invisible
 W - an uncursed ring of wizardry {Wiz+}
Wands
 f - a wand of flame (181)
 n - a wand of paralysis (10)
 s - a wand of disintegration (16)
 w - a wand of enslavement (43)
 D - a wand of digging (22)
 G - a wand of acid (3)
 H - a wand of iceblast (33)
 N - a wand of polymorph (5)
 U - a wand of clouds (17)
Scrolls
 g - 11 scrolls of fear
 i - 17 scrolls of identify
 k - 2 scrolls of summoning
 o - 2 scrolls of vulnerability {!r!r}
 q - 6 scrolls of blinking {!r}
 r - 4 scrolls of magic mapping {!r}
 t - 9 scrolls of teleportation
 J - 2 scrolls of holy word {!r}
 V - 27 scrolls of remove curse
 Z - a scroll of silence
Potions
 j - 10 potions of mutation {!q}
 l - 9 potions of cancellation
 m - 16 potions of brilliance
 z - 5 potions of heal wounds
 A - 6 potions of resistance
 B - 5 potions of curing
 L - 6 potions of flight
 R - a potion of invisibility
 T - 3 potions of magic
Miscellaneous
 h - a phial of floods
 E - 4 boxes of beasts
 P - 10 phantom mirrors
 X - a lightning rod (4/4)
Comestibles
 e - 14 rations


   Skills:
 + Level 21.3(18.9) Fighting
 - Level 8.5(6.6) Short Blades
 - Level 12.0(9.9) Maces & Flails
 - Level 6.0(4.2) Throwing
 + Level 17.4(15.1) Dodging
 - Level 18.0(15.6) Spellcasting
 - Level 18.0(15.6) Summonings
 - Level 15.0(12.8) Necromancy
 - Level 12.0(9.9) Ice Magic
 - Level 2.0(0.4) Earth Magic
 + Level 17.1(14.8) Evocations


You had one spell level left.
You knew the following spells:

 Your Spells              Type           Power        Failure   Level  Hunger
a - Shadow Creatures      Summ           N/A          1%          6    #####..
b - Frozen Ramparts       Ice            ######       1%          3    None
c - Borgnjor's Vile Clut  Necr/Erth      #####.....   6%          5    ##.....
d - Ozocubu's Armour      Chrm/Ice       #####...     1%          3    None
e - Animate Dead          Necr           N/A          1%          4    None
f - Dispel Undead         Necr           ######..     1%          4    None
g - Apportation           Tloc           ###...       3%          1    None
h - Haunt                 Necr/Summ      ######....   9%          7    ######.
i - Death Channel         Necr           ######....   2%          6    #####..
j - Summon Mana Viper     Hex/Summ       ######..     3%          5    ##.....
k - Blink                 Tloc           N/A          4%          2    None
s - Swiftness             Chrm/Air       ###.....     4%          2    None
w - Passwall              Tmut/Erth      ###.....     4%          2    None
B - Summon Butterflies    Summ           ######..     0%          1    None
R - Borgnjor's Revivific  Necr           ######....   75%         8    #######

Your spell library contained the following spells:

 Spells                   Type           Power        Failure   Level  Hunger
 Summon Small Mammal      Summ           ####         0%          1    None
 Animate Skeleton         Necr           N/A          1%          1    None
 Freeze                   Ice            ####         1%          1    None
 Pain                     Necr           ####         1%          1    None
 Sandblast                Erth           ###...       2%          1    None
 Beastly Appendage        Tmut           ###...       3%          1    None
 Corona                   Hex            ###....      3%          1    None
 Foxfire                  Conj/Fire      ###.         3%          1    None
 Infusion                 Chrm           ###.         3%          1    None
 Magic Dart               Conj           ###.         3%          1    None
 Shock                    Conj/Air       ###.         3%          1    None
 Sting                    Tmut/Pois      ###.         3%          1    None
 Call Imp                 Summ           ######..     0%          2    None
 Call Canine Familiar     Summ           ######..     0%          3    None
 Corpse Rot               Necr/Air       N/A          1%          2    None
 Ensorcelled Hibernation  Hex/Ice        #####.       1%          2    None
 Sublimation of Blood     Necr           ######....   1%          2    None
 Recall                   Summ/Tloc      N/A          1%          3    None
 Summon Guardian Golem    Hex/Summ       ######..     1%          3    None
 Vampiric Draining        Necr           ######....   1%          3    None
 Summon Ice Beast         Ice/Summ       ######..     1%          4    None
 Summon Lightning Spire   Summ/Air       ######..     1%          4    None
 Agony                    Necr           ######..     1%          5    ##.....
 Summon Demon             Summ           ######....   1%          5    ##.....
 Summon Forest            Summ/Tloc      ######....   3%          5    ##.....
 Poisonous Vapours        Pois/Air       ###...       4%          2    None
 Searing Ray              Conj           ###...       4%          2    None
 Shroud of Golubria       Chrm/Tloc      ###...       4%          2    None
 Slow                     Hex            ###.....     4%          2    None
 Song of Slaying          Chrm           ###.....     4%          2    None
 Sticks to Snakes         Tmut           ###.....     4%          2    None
 Hailstorm                Conj/Ice       #####...     4%          4    None
 Ice Form                 Ice/Tmut       #####...     4%          4    None
 Simulacrum               Ice/Necr       ######....   4%          6    #####..
 Summon Hydra             Summ           ######....   4%          7    ######.
 Excruciating Wounds      Chrm/Necr      #####.....   7%          5    ##.....
 Confusing Touch          Hex            ###.....     10%         3    None
 Conjure Flame            Conj/Fire      ###.....     10%         3    None
 Dazzling Flash           Conj/Hex       ###...       10%         3    None
 Gell's Gravitas          Tloc           ###.......   10%         3    None
 Ignite Poison            Fire/Tmut/Pois ###.....     10%         3    None
 Inner Flame              Hex/Fire       ###.....     10%         3    None
 Mephitic Cloud           Conj/Pois/Air  ###.....     10%         3    None
 Spectral Weapon          Hex/Chrm       ###.....     10%         3    None
 Spider Form              Tmut/Pois      ###.......   10%         3    None
 Static Discharge         Conj/Air       ###.....     10%         3    None
 Stone Arrow              Conj/Erth      ###...       10%         3    None
 Teleport Other           Tloc           ###.....     10%         3    None
 Metabolic Englaciation   Hex/Ice        #####.....   12%         5    ##.....
 Petrify                  Tmut/Erth      ###.....     30%         4    None
 Airstrike                Air            ###.......   32%         4    None
 Fulminant Prism          Conj/Hex       ###.......   32%         4    None
 Iskenderun's Mystic Bla  Conj/Tloc      ###.....     32%         4    None
 Olgreb's Toxic Radiance  Pois           ###.....     32%         4    None
 Sticky Flame             Conj/Fire      ###.....     32%         4    None
 Lee's Rapid Deconstruct  Erth           ###.......   61%         5    ##.....
 Bolt of Magma            Conj/Fire/Erth ###.......   65%         5    ##.....
 Blade Hands              Tmut           ###.......   67%         5    ##.....
 Fireball                 Conj/Fire      ###.......   67%         5    ##.....
 Irradiate                Conj/Tmut      ###.......   67%         5    ##.....
 Lightning Bolt           Conj/Air       ###.......   67%         5    ##.....
 Silence                  Hex/Air        ###.......   67%         5    ##.....
 Yara's Violent Unravell  Hex/Tmut       ###.......   67%         5    ##.....
 Infestation              Necr           ######....   75%         8    #######
 Conjure Ball Lightning   Conj/Air       ###.......   99%         6    #####..
 Darkness                 Hex            ###.......   99%         6    #####..
 Eringya's Noxious Bog    Tmut/Pois      ###.......   99%         6    #####..
 Hydra Form               Tmut           ###.......   99%         6    #####..
 Iron Shot                Conj/Erth      ###.......   99%         6    #####..
 Starburst                Conj/Fire      ###.......   99%         6    #####..
 Dragon Form              Tmut           ###.......   100%        7    ######.
 Ring of Flames           Chrm/Fire      ###.......   100%        7    ######.
 Controlled Blink         Tloc           N/A          100%        8    #######
 Death's Door             Chrm/Necr      #####.....   100%        8    #######
 Discord                  Hex            ###.......   100%        8    #######
 Disjunction              Tloc           ###.......   100%        8    #######
 Ignition                 Fire           ###.......   100%        8    #######
 Necromutation            Tmut/Necr      #####.....   100%        8    #######
 Shatter                  Erth           ###.......   100%        9    #######
 Tornado                  Air            ###.......   100%        9    #######
 Passage of Golubria      Tloc           Unusable     N/A         4    N/A

Dungeon Overview and Level Annotations

Branches:
Dungeon (15/15)            Temple (0/1) D:4            Lair (6/6) D:9
 Shoals (4/4) Lair:4        Snake (4/4) Lair:4        Slime (0/5) Lair:5
    Orc (2/2) D:12            Elf (3/3) Orc:2        Vaults (5/5) D:13
  Crypt (3/3) Vaults:2       Tomb (0/3) Crypt:3      Depths (5/5) D:15
    Zot (5/5) Depths:5      Sewer (visited)         Volcano (visited)

Altars:
Ashenzari
Cheibriados
Dithmenos
Elyvilon
Gozag
Hepliaklqana
Kikubaaqudgha
Okawaru
Ru
Sif Muna
Trog
Uskayaw
Vehumet
Xom
Yredelemnul
The Shining One
Beogh
Jiyva

Shops:
D:9 *   Orc:2 :!([*   Elf:2 =}==   Elf:3 }   Shoals:3 (   Snake:3 ?

Portals:
Hell: Depths:1 Depths:2 Depths:3 Depths:5
Pandemonium: Depths:3
Ziggurat: Depths:2
Trove: D:14 (give 2 scrolls of acquirement)

Annotations:
D:12 exclusion: orange crystal statue
Shoals:3 exclusion: 2 downstairs
Crypt:1 29 runed doors
Crypt:2 exclusion: orange crystal statue
Depths:2 exclusions: eye of draining, great orb of eyes, shining eye and 1 more exclusion
Depths:4 exclusion: 3 obsidian statues
Zot:1 6 exclusions
Zot:4 13 exclusions
Zot:5 exclusions: upstairs and 4 more exclusions


Innate Abilities, Weirdness & Mutations

You can breathe bolts of dispelling energy.
Your rich purple scales are hard. (AC +12)
You cannot fit into any form of body armour.
You do not regenerate when monsters are visible.
You are cold-blooded and may be slowed by cold attacks.
You are missing a hand.
You cannot be stealthy.
You are somewhat inexperienced. (-2 XL)
You are missing an eye, making it more difficult to aim.
You have sharp fingernails.
You have sharp toenails.
You evolve.
[Your magical capacity is very low. (-20% MP)]


Message History

There is a stone staircase leading up here.
You climb upwards.
There is a stone staircase leading down here.
Key pressed, stopping travel.
Unknown command.
Health restored: 235; MP restored: 36
(D) Dungeon (T) Temple (L) Lair (A) Shoals (P) Snake Pit (M) Slime Pits (O) Orcish Mines (E) Elven Halls (V) Vaults (C) Crypt (W) Tomb (U) Depths (H) Hell (Z) Zot
Where to? (Enter - D:1 @ (x,y), ? - help)
There is a stone staircase leading up here.
You climb upwards.
There is a stone staircase leading down here.
There is a staircase leading out of the dungeon here.
That would be overly suicidal.
Okay, then.
Unknown command.
Unknown command.
You have escaped!

#.# #...........# #. #.#
#.#####.###.# #. #.########
#.# #.# #.# #. #........# #.#
#.# #.# #. ...#####.#
#######.# #.# #.# #. #..# #.#
#.......## #.# #.# #. #..#
#.###..P...P.# #.# #.# ## #..#
#............####.###.#
...#########....@....##...##.#
#......#####.................#
..##.......#..P...P..##...####
#.##.#.###.#.#......####.##
#...###.##...............#
#..## ##.....######.######
..#.###.###### #...# .....#.##
###.# .####..# #.#

Skill      XL: |  1  2  3  4  5  6  7  8  9 10 11 12 13 14 15 16 17 18 19 20 21 22 23 24 25 |
---------------+----------------------------------------------------------------------------+-----
Ice Magic      | 5 6 8 10 12 | 12.0
Fighting       | 3 4 5 6 8 10 12 14 15 16 17 18 20 21 | 21.3
Summonings     | 4 5 6 10 15 16 17 18 | 18.0
Dodging        | 3 5 8 10 11 12 13 14 15 16 17 | 17.4
Evocations     | 2 4 8 10 11 16 17 | 17.1
Stealth        | 0 |  0.0
Spellcasting   | 4 5 6 8 10 12 15 16 18 | 18.0
Necromancy     | 3 6 9 14 15 | 15.0
Short Blades   | 6 8 |  8.5
Earth Magic    | 2 |  2.0
Maces & Flails | 9 12 | 12.0
Throwing       | 6 |  6.0

Notes
Turn   | Place    | Note
-------+----------+-------------------------------------------
     0 | D:1      | hittemvvvvhard the Draconian Ice Elementalist began the
                  | quest for the Orb.
     0 | D:1      | Reached XP level 1. HP: 14/14 MP: 3/3
   314 | D:1      | Reached XP level 2. HP: 20/20 MP: 5/5
   901 | D:2      | Reached skill level 5 in Ice Magic
   901 | D:2      | Reached XP level 3. HP: 23/26 MP: 3/6
   906 | D:2      | Learned a level 3 spell: Frozen Ramparts
  1374 | D:2      | Found a sacrificial altar of Ru.
  1381 | D:2      | Reached XP level 4. HP: 32/33 MP: 1/7
  1540 | D:2      | Became a worshipper of Ru the Awakened
  1687 | D:2      | Reached skill level 6 in Ice Magic
  2325 | D:2      | Reached XP level 5. HP: 38/38 MP: 4/8
  2979 | D:3      | Noticed Natasha
  2991 | D:3      | Killed Natasha
  3059 | D:3      | Reached skill level 7 in Ice Magic
  3062 | D:3      | Noticed Natasha
  3207 | D:3      | Killed Natasha
  3259 | D:3      | Noticed Natasha
  3265 | D:3      | Killed Natasha
  3265 | D:3      | Reached XP level 6. HP: 45/45 MP: 5/9
  3583 | D:3      | Gained mutation: You are somewhat inexperienced. (-2 XL)
                  | [Ru sacrifice]
  3583 | D:3      | Reached XP level 5. HP: 38/38 MP: 3/8
  3583 | D:3      | Reached XP level 4. HP: 33/33 MP: 3/7
  3583 | D:3      | Reached * piety under Ru
  3583 | D:3      | Reached ** piety under Ru
  3783 | D:3      | Found a shadowy altar of Dithmenos.
  4019 | D:3      | Noticed a big kobold
  4025 | D:3      | Killed a big kobold
  4025 | D:3      | Reached XP level 5. HP: 38/38 MP: 1/8
  4253 | D:4      | Noticed an ogre
  4272 | D:4      | Killed an ogre
  4272 | D:4      | Reached skill level 8 in Ice Magic
  4272 | D:4      | Reached skill level 2 in Fighting
  4325 | D:4      | Noticed a phantom
  4351 | D:4      | Killed a phantom
  4351 | D:4      | Reached skill level 3 in Fighting
  4351 | D:4      | Reached XP level 6. HP: 37/51 MP: 2/9
  4467 | D:4      | Noticed Duvessa
  4480 | D:4      | Killed Duvessa
  4480 | D:4      | Reached skill level 4 in Fighting
  4527 | D:4      | Noticed Dowan
  4698 | D:4      | Killed Dowan
  4698 | D:4      | Your scales start taking on a rich purple colour.
  4698 | D:4      | Reached XP level 7. HP: 60/60 MP: 5/10
  4781 | D:4      | Reached skill level 5 in Fighting
  4787 | D:4      | Learned a level 4 spell: Summon Ice Beast
  5088 | D:4      | Found a staircase to the Ecumenical Temple.
  5121 | D:4      | Noticed Grinder
  5126 | D:4      | hittemvvvvhard: @?grinder
  5126 | D:4      | beem: Grinder (5)
                  | Spd:
    10 | HD: 6    | HP: 31-46
                  | AC/EV:
                  | 3/11
                  | Dam: 11(pain)
                  | demonic, items, doors, evil, see
                  | invisible
                  | Res: magic(20), cold++, poison, rot, neg+++,
                  | torm
                  | Vul: holy, silver
                  | XP: 276
                  | Sp: pain (d14) [!sil],
                  | paralyse [!sil], blink [!sil]
                  | Sz: little
                  | Int: human.
  5156 | D:4      | Reached skill level 2 in Summonings
  5413 | D:5      | Entered Level 5 of the Dungeon
  5515 | D:5      | Reached skill level 3 in Summonings
  5524 | D:5      | Reached skill level 4 in Summonings
  5851 | D:5      | Reached XP level 8. HP: 68/69 MP: 9/11
  5935 | D:5      | Found a white marble altar of Elyvilon.
  5957 | D:5      | Found a basalt altar of Yredelemnul.
  5982 | D:5      | Found a runed translucent door.
  5985 | D:5      | Noticed Flugkiller's ghost (novice OpWn)
  6015 | D:5      | Reached skill level 5 in Summonings
  6162 | D:5      | Reached skill level 2 in Dodging
  6164 | D:5      | Reached skill level 1 in Evocations
  6387 | D:5      | Gained mutation: You are missing a hand. [Ru sacrifice]
  6387 | D:5      | Reached *** piety under Ru
  6387 | D:5      | Reached **** piety under Ru
  6387 | D:5      | Reached ***** piety under Ru
  6390 | D:5      | --lets see if this will be worth it
  6488 | D:6      | Found a glowing golden altar of the Shining One.
  6509 | D:6      | Found a snail-covered altar of Cheibriados.
  6519 | D:6      | Found a glowing drain.
  6530 | Sewer    | Entered a sewer
  6829 | D:6      | Reached skill level 6 in Fighting
  6829 | D:6      | Reached skill level 2 in Evocations
  6994 | D:6      | Reached skill level 3 in Dodging
  7600 | D:6      | Found a shimmering blue altar of Sif Muna.
  7786 | D:7      | Reached XP level 9. HP: 72/78 MP: 8/12
  7929 | D:7      | Reached skill level 7 in Fighting
  8002 | D:7      | Found a shimmering altar of Xom.
  8003 | D:7      | Found a hazy altar of Hepliaklqana.
  8004 | D:7      | Noticed a spectral ugly thing
  8051 | D:7      | Found an opulent altar of Gozag.
  8138 | D:7      | Found an iron altar of Okawaru.
  8147 | D:7      | Found a hide-covered altar of Uskayaw.
  8150 | D:7      | Noticed a +0 dagger
  8150 | D:7      | Noticed a +0 dagger
  8335 | D:7      | Found a radiant altar of Vehumet.
  8482 | D:7      | Reached skill level 4 in Dodging
  8482 | D:7      | Reached skill level 9 in Ice Magic
  8583 | D:8      | Found a bloodstained altar of Trog.
  8617 | D:8      | Reached skill level 6 in Summonings
  8744 | D:8      | Gained mutation: You cannot be stealthy. [Ru sacrifice]
  8744 | D:8      | Reduced skill Stealth to level 0
  8800 | D:8      | Reached skill level 8 in Fighting
  8800 | D:8      | Reached skill level 5 in Dodging
  9014 | D:8      | Noticed a two-headed ogre
  9030 | D:8      | Killed a two-headed ogre
  9030 | D:8      | Reached skill level 10 in Ice Magic
  9030 | D:8      | Reached XP level 10. HP: 87/87 MP: 8/13
  9277 | D:8      | Noticed Psyche
  9281 | D:8      | Killed Psyche
  9281 | D:8      | Reached skill level 6 in Dodging
  9370 | D:8      | Found an ancient bone altar of Kikubaaqudgha.
 10035 | D:9      | Reached skill level 9 in Fighting
 10076 | D:9      | Reached skill level 7 in Dodging
 10207 | D:9      | Found a shattered altar of Ashenzari.
 10573 | D:9      | Found a staircase to the Lair.
 10602 | D:9      | Found Lawah's Elemental Accessories.
 10610 | D:9      | Bought a wand of iceblast (12) for 176 gold pieces
 10719 | D:10     | Entered Level 10 of the Dungeon
 10946 | D:10     | Gained mutation: You do not regenerate when monsters are
                  | visible. [Ru sacrifice]
 11062 | D:10     | Reached skill level 10 in Fighting
 11062 | D:10     | Reached skill level 3 in Spellcasting
 11292 | D:10     | Reached skill level 4 in Spellcasting
 11448 | D:10     | Reached skill level 8 in Dodging
 11501 | D:10     | Reached XP level 11. HP: 98/98 MP: 17/17
 11806 | Lair:1   | Entered Level 1 of the Lair of Beasts
 12088 | Lair:1   | Reached skill level 5 in Spellcasting
 13083 | Lair:2   | Noticed a seven-headed hydra
 13104 | Lair:2   | Killed a seven-headed hydra
 13104 | Lair:2   | Reached skill level 11 in Fighting
 13104 | Lair:2   | Reached skill level 9 in Dodging
 13154 | Lair:2   | Gained mutation: You are missing an eye, making it more
                  | difficult to aim. [Ru sacrifice]
 13154 | Lair:2   | Reached ****** piety under Ru
 13388 | Lair:2   | Noticed an oklob plant
 13389 | Lair:2   | Noticed an oklob plant
 14144 | Lair:3   | Found a dark tunnel.
 14144 | Lair:3   | Noticed a lindwurm
 14155 | Lair:3   | Killed a lindwurm
 14532 | Volcano  | Entered a volcano
 14541 | Volcano  | Noticed a two-headed ogre
 14894 | Lair:4   | Reached skill level 12 in Fighting
 14903 | Lair:4   | Reached skill level 10 in Dodging
 15210 | Lair:4   | Reached XP level 12. HP: 96/112 MP: 4/19
 15364 | Lair:4   | Learned a level 1 spell: Animate Skeleton
 15512 | Lair:4   | Found a staircase to the Snake Pit.
 15542 | Lair:4   | Reached skill level 13 in Fighting
 15625 | Lair:4   | Found a staircase to the Shoals.
 16224 | Lair:5   | Found a runed translucent door.
 16231 | Lair:5   | Noticed a seven-headed hydra
 16240 | Lair:5   | Noticed an eight-headed hydra
 16248 | Lair:5   | Killed an eight-headed hydra
 16533 | Lair:5   | Got a pitted wooden ring
 16536 | Lair:5   | Identified the ring "Tiytsor" {rF+ rC+ Str-4 Dex+5} (You
                  | found it on level 5 of the Lair of Beasts)
 16782 | Lair:5   | Found a viscous altar of Jiyva.
 16783 | Lair:5   | Found a staircase to the Slime Pits.
 16872 | Lair:5   | Reached skill level 14 in Fighting
 17321 | Lair:5   | Noticed a death yak
 17322 | Lair:5   | Noticed a death yak
 17323 | Lair:5   | Noticed a four-headed hydra
 17329 | Lair:5   | Killed a four-headed hydra
 17329 | Lair:5   | Reached skill level 1 in Necromancy
 17332 | Lair:5   | Killed a death yak
 17332 | Lair:5   | Reached skill level 2 in Necromancy
 17338 | Lair:5   | Killed a death yak
 17338 | Lair:5   | Reached skill level 3 in Evocations
 17839 | Lair:6   | Entered Level 6 of the Lair of Beasts
 17869 | Lair:6   | Reached skill level 3 in Necromancy
 17869 | Lair:6   | Reached skill level 6 in Spellcasting
 17869 | Lair:6   | Reached skill level 4 in Evocations
 17884 | Lair:6   | Noticed Josephine
 17971 | Lair:6   | Killed Josephine
 17973 | Lair:6   | Noticed a death yak
 17976 | Lair:6   | Noticed a death yak
 17993 | Lair:5   | Reached XP level 13. HP: 57/123 MP: 17/22
 18357 | Lair:5   | Reached skill level 5 in Evocations
 18549 | Lair:6   | Reached skill level 7 in Spellcasting
 18557 | Lair:6   | Reached skill level 11 in Ice Magic
 18699 | Lair:6   | Reached skill level 6 in Evocations
 18933 | Lair:6   | Reached skill level 11 in Dodging
 19024 | Lair:6   | Reached skill level 8 in Spellcasting
 19239 | Lair:6   | Reached skill level 7 in Evocations
 19645 | Lair:6   | Learned a level 1 spell: Apportation
 20245 | Lair:6   | Reached skill level 12 in Ice Magic
 20245 | Lair:6   | Reached skill level 8 in Evocations
 21722 | D:12     | Noticed Sonja
 21724 | D:12     | Killed Sonja
 21728 | D:12     | Found a staircase to the Orcish Mines.
 21812 | D:12     | Reached XP level 14. HP: 127/131 MP: 26/26
 22568 | D:12     | Found a runed translucent door.
 22598 | D:12     | Found a runed translucent door.
 22672 | D:12     | Found a runed translucent door.
 22684 | D:12     | Found a runed translucent door.
 23050 | Orc:1    | Entered Level 1 of the Orcish Mines
 23050 | Orc:1    | Noticed Snorg
 23060 | Orc:1    | Killed Snorg
 23060 | Orc:1    | Reached skill level 9 in Spellcasting
 23060 | Orc:1    | Reached skill level 9 in Evocations
 23425 | Orc:1    | Found a roughly hewn altar of Beogh.
 23718 | Orc:2    | Entered Level 2 of the Orcish Mines
 24092 | Orc:2    | Noticed an orc warlord
 24337 | Orc:2    | Noticed Jorgrun
 24355 | Orc:2    | Killed Jorgrun
 24501 | Orc:2    | Killed an orc warlord
 24767 | Orc:2    | Found Mippulow's Distillery.
 24767 | Orc:2    | Found Cyryank's Book Shoppe.
 24906 | Orc:2    | Found Abepnient's Antique Weapon Shoppe.
 24906 | Orc:2    | Found Jiceqad's Antique Armour Boutique.
 24936 | Orc:2    | Bought a potion of heal wounds for 85 gold pieces
 24936 | Orc:2    | Bought a potion of haste for 170 gold pieces
 24936 | Orc:2    | Bought a potion of heal wounds for 85 gold pieces
 25123 | Orc:2    | Found Kaxumyz's Assorted Antiques.
 25166 | Orc:2    | Found a staircase to the Elven Halls.
 25564 | D:13     | Reached skill level 10 in Spellcasting
 25564 | D:13     | Reached skill level 10 in Evocations
 25738 | D:13     | Reached skill level 15 in Fighting
 25784 | D:13     | Reached skill level 12 in Dodging
 25894 | D:13     | Found a gate to the Vaults.
 26078 | D:13     | Found a roughly hewn altar of Beogh.
 26914 | D:13     | Found a radiant altar of Vehumet.
 27916 | D:14     | Reached XP level 15. HP: 140/140 MP: 29/29
 28415 | D:14     | Noticed Azrael
 28429 | D:14     | Killed Azrael
 28805 | D:14     | Found a hazy altar of Hepliaklqana.
 29174 | D:14     | Found a portal to a secret trove of treasure.
 29559 | D:15     | Entered Level 15 of the Dungeon
 29730 | D:15     | Learned a level 3 spell: Ozocubu's Armour
 29735 | D:15     | Learned a level 4 spell: Animate Dead
 29809 | D:15     | Reached skill level 16 in Fighting
 30076 | D:15     | Identified Sif Muna's Tome of Shifting Venom
 30105 | D:15     | Reached skill level 13 in Dodging
 30108 | D:15     | Reached skill level 4 in Necromancy
 30109 | D:15     | Found a staircase to the Depths.
 30655 | D:15     | Reached skill level 5 in Necromancy
 31255 | D:15     | Found a shimmering altar of Xom.
 31329 | D:15     | Reached skill level 6 in Necromancy
 31396 | D:15     | Reached skill level 7 in Summonings
 32479 | Snake:1  | Entered Level 1 of the Snake Pit
 32728 | Snake:1  | Reached skill level 8 in Summonings
 33263 | Snake:1  | Reached skill level 9 in Summonings
 34501 | Snake:2  | Learned a level 3 spell: Vampiric Draining
 35101 | Snake:2  | Reached skill level 10 in Summonings
 35503 | Snake:3  | Found Yffaseud's Magic Scroll Shop.
 35655 | Snake:3  | Reached XP level 16. HP: 112/150 MP: 27/30
 35868 | Snake:3  | Reached skill level 11 in Summonings
 37313 | Snake:4  | Entered Level 4 of the Snake Pit
 38007 | Snake:4  | Reached skill level 12 in Summonings
 38010 | Snake:4  | Found Pucs's Food Boutique.
 39529 | Snake:4  | Reached skill level 13 in Summonings
 41036 | Snake:4  | Reached skill level 14 in Summonings
 41416 | Snake:4  | Learned a level 7 spell: Summon Hydra
 41722 | Snake:4  | Got a serpentine rune of Zot
 41850 | Snake:4  | Learned a level 5 spell: Summon Forest
 42133 | Elf:1    | Entered Level 1 of the Elven Halls
 42798 | Elf:1    | Noticed Frances
 42893 | Vaults:1 | Entered Level 1 of the Vaults
 44056 | D:13     | Reached skill level 15 in Summonings
 44625 | Vaults:1 | Cast into level 2 of the Abyss (a wizard)
 44921 | Abyss:2  | Noticed a tentacled starspawn
 44928 | Abyss:2  | Killed a tentacled starspawn
 44928 | Abyss:2  | Reached XP level 17. HP: 136/157 MP: 8/31
 45022 | Abyss:2  | Noticed a bone dragon
 45040 | Abyss:2  | Killed a bone dragon
 45246 | Abyss:2  | Noticed a bone dragon
 45656 | Abyss:2  | Noticed a bone dragon
 45665 | Abyss:2  | Killed a bone dragon
 45693 | Abyss:2  | HP: 23/126 [large abomination (35)]
 45705 | Abyss:2  | HP: 32/142 [spatial maelstrom (20)]
 45737 | Abyss:3  | HP: 33/142 [raiju/living lightning (4)]
 45739 | Abyss:3  | Reached skill level 11 in Spellcasting
 45753 | Abyss:3  | Gained mutation: You have sharp fingernails. [a neqoxec]
 45760 | Abyss:3  | HP: 34/142 [thrashing horror (2)]
 45765 | Abyss:3  | HP: 29/142 [thrashing horror (1)]
 45815 | Abyss:3  | HP: 21/142 [smoke demon/ball of steam (16)]
 45826 | Abyss:3  | Noticed a bone dragon
 45891 | Abyss:3  | HP: 32/142 [nameless horror[miscasting Summon Hydra] (9)]
 45954 | Abyss:3  | HP: 35/142 [small abomination (11)]
 46126 | Vaults:1 | Escaped the Abyss
 46449 | D:13     | Upgraded the game from 0.25-a0-1133-g93ebf739aa to
                  | 0.25-a0-1137-g7f6bfe439b
 47735 | Vaults:1 | Identified the Grimoire of Flames
 48431 | Vaults:1 | Noticed a deep elf sorcerer
 48436 | Vaults:1 | Reached skill level 12 in Spellcasting
 48642 | Vaults:1 | Reached skill level 1 in Short Blades
 48807 | Vaults:1 | Reached skill level 2 in Short Blades
 48941 | Vaults:1 | Killed a deep elf sorcerer
 49020 | Vaults:1 | Reached skill level 3 in Short Blades
 49022 | Vaults:1 | HP: 34/158 [tengu reaver/bolt of magma (56)]
 49569 | Vaults:1 | HP: 39/158 [battlesphere[a tengu reaver] (3)]
 50003 | Vaults:1 | Reached skill level 4 in Short Blades
 50106 | Vaults:1 | Identified Manin's Reference Book on Bewitchment
 50702 | Vaults:1 | Noticed an entropy weaver
 50702 | Vaults:1 | a tyrant leech changed into an entropy weaver
 50704 | Vaults:1 | Killed an entropy weaver
 50766 | Vaults:1 | Got a shimmering rapier
 50767 | Vaults:1 | Identified the +9 rapier of Qoclint {protect, rPois rF+
                  | SInv} (You found it on level 1 of the Vaults)
 51280 | Vaults:2 | Found a staircase to the Crypt.
 51280 | Vaults:2 | Found a basalt altar of Yredelemnul.
 51281 | Vaults:2 | Found an ancient bone altar of Kikubaaqudgha.
 51586 | Vaults:2 | Reached skill level 5 in Short Blades
 52437 | Vaults:2 | Noticed an entropy weaver
 52451 | Vaults:2 | Killed an entropy weaver
 53181 | Vaults:3 | Reached skill level 6 in Short Blades
 53339 | Vaults:3 | Reached skill level 16 in Summonings
 53567 | Vaults:3 | You fall into a shaft and drop 1 floor!
 53794 | Vaults:4 | Noticed Aizul
 53801 | Vaults:4 | Reached XP level 18. HP: 128/166 MP: 24/34
 53802 | Vaults:4 | Killed Aizul
 54061 | Vaults:4 | Reached skill level 7 in Short Blades
 54066 | Vaults:4 | Reached skill level 13 in Spellcasting
 55150 | Vaults:4 | Reached skill level 8 in Short Blades
 55508 | Vaults:4 | Noticed an entropy weaver
 55550 | Vaults:4 | Killed an entropy weaver
 56321 | Vaults:4 | Identified 2 scrolls of acquirement
 56325 | Vaults:4 | Got the Reference Book on Helpful Creation
 56328 | Vaults:4 | Learned a level 1 spell: Summon Butterflies
 56349 | Vaults:4 | Learned a level 6 spell: Death Channel
 56360 | Vaults:4 | Learned a level 6 spell: Shadow Creatures
 56363 | Vaults:4 | Learned a level 2 spell: Passwall
 56369 | Vaults:4 | Learned a level 5 spell: Borgnjor's Vile Clutch
 56564 | Vaults:3 | Reached skill level 1 in Earth Magic
 56701 | Vaults:3 | Reached skill level 2 in Earth Magic
 57239 | Vaults:3 | Noticed a deep elf sorcerer
 57265 | Vaults:3 | Killed a deep elf sorcerer
 57329 | Vaults:3 | Noticed a deep elf sorcerer
 57340 | Vaults:3 | Killed a deep elf sorcerer
 57341 | Vaults:3 | Reached skill level 7 in Necromancy
 57343 | Vaults:3 | Killed a ghostly deep elf sorcerer
 58332 | Vaults:3 | Reached skill level 14 in Spellcasting
 59108 | Elf:1    | Killed Frances
 59820 | Elf:1    | Reached skill level 8 in Necromancy
 61119 | Shoals:1 | Entered Level 1 of the Shoals
 61439 | Shoals:1 | Found a flickering gateway to a bazaar.
 61451 | Bazaar   | Entered a bazaar
 61451 | Bazaar   | Found Xajarow's General Store.
 61451 | Bazaar   | Found Jaikegyu's Armour Shop.
 61451 | Bazaar   | Found Peleapyu's Distillery.
 61451 | Bazaar   | Found Wehonaw's Gadget Boutique.
 61503 | Bazaar   | Bought a potion of flight for 42 gold pieces
 61503 | Bazaar   | Bought a potion of heal wounds for 70 gold pieces
 61503 | Bazaar   | Bought a potion of resistance for 140 gold pieces
 61503 | Bazaar   | Bought a potion of resistance for 140 gold pieces
 61507 | Bazaar   | Bought a box of beasts for 200 gold pieces
 61507 | Bazaar   | Bought a phantom mirror for 300 gold pieces
 61507 | Bazaar   | Bought a wand of iceblast (8) for 120 gold pieces
 61507 | Bazaar   | Bought a wand of paralysis (8) for 100 gold pieces
 61507 | Bazaar   | Bought a wand of enslavement (8) for 100 gold pieces
 61511 | Bazaar   | Bought a wand of enslavement (7) for 63 gold pieces
 63653 | Shoals:2 | Reached skill level 9 in Necromancy
 64262 | Shoals:3 | Noticed Kirke
 64272 | Shoals:3 | Killed Kirke
 64436 | Shoals:3 | Noticed Ilsuiw
 64453 | Shoals:3 | Killed Ilsuiw
 64467 | Shoals:3 | Reached skill level 15 in Spellcasting
 65311 | Shoals:3 | Reached XP level 19. HP: 153/172 MP: 20/38
 65660 | Shoals:3 | Found Dyazimapp's Antique Weapon Boutique.
 66078 | Shoals:3 | Got a pair of encrusted boots
 66323 | Shoals:4 | Entered Level 4 of the Shoals
 66381 | Shoals:4 | Reached skill level 10 in Necromancy
 66409 | Shoals:3 | HP: 42/172 [sea snake (18)]
 67714 | Shoals:4 | Identified the +0 pair of boots "Fytepliedd" {Harm rF-
                  | Int-4 Dex+10} (You found it on level 3 of the Shoals)
 68008 | Shoals:4 | Reached skill level 11 in Necromancy
 68190 | Shoals:4 | Got a barnacled rune of Zot
 69380 | Shoals:4 | Identified the Collected Works on the Voyage
 71091 | Elf:2    | Reached skill level 12 in Necromancy
 71230 | Elf:2    | Found a runed translucent gate.
 71230 | Elf:2    | Found a runed translucent gate.
 71230 | Elf:2    | Found a runed translucent gate.
 71398 | Elf:2    | Got a faintly glowing mace
 71460 | Elf:2    | Noticed a deep elf demonologist
 71467 | Elf:2    | Killed a deep elf demonologist
 71542 | Elf:2    | Found Qawausiu's Jewellery Shop.
 71569 | Elf:2    | Found Egut's Gadget Shoppe.
 71569 | Elf:2    | Found Qyxegut's Jewellery Shop.
 71570 | Elf:2    | Found Komeihol's Jewellery Shop.
 71577 | Elf:2    | Bought a wand of clouds (6) for 390 gold pieces
 71577 | Elf:2    | Bought a wand of acid (11) for 390 gold pieces
 71577 | Elf:2    | Bought a wand of acid (7) for 286 gold pieces
 71577 | Elf:2    | Bought a wand of iceblast (8) for 156 gold pieces
 73702 | Elf:3    | Entered Level 3 of the Elven Halls
 73813 | Elf:3    | Reached skill level 16 in Spellcasting
 74129 | Elf:3    | HYPERHYPER: https://www.youtube.com/watch?v=lheIRyhsUSE
 74129 | Elf:3    | HYPERHYPER: send to mom to base her
 74239 | Elf:3    | Noticed a deep elf sorcerer
 74239 | Elf:3    | Noticed a deep elf sorcerer
 74247 | Elf:3    | Noticed a deep elf demonologist
 74247 | Elf:3    | Noticed an Ice Fiend
 74248 | Elf:3    | Killed a deep elf sorcerer
 74298 | Elf:3    | Killed a deep elf demonologist
 74302 | Elf:3    | Reached skill level 13 in Necromancy
 74310 | Elf:3    | Noticed a deep elf demonologist
 74311 | Elf:3    | Killed a deep elf sorcerer
 74495 | Elf:3    | Killed a deep elf demonologist
 74651 | Elf:3    | Found Eliasch's Gadget Boutique.
 74659 | Elf:3    | Bought a wand of acid (9) for 442 gold pieces
 75606 | Elf:3    | Noticed a deep elf demonologist
 75607 | Elf:3    | Banished a deep elf demonologist
 75741 | Elf:3    | Noticed a deep elf demonologist
 75745 | Elf:3    | Killed a deep elf demonologist
 75752 | Elf:3    | Identified the +6 rapier "Kutao" {venom, rF+ MR+ Dex-2}
 76378 | Elf:3    | Noticed a deep elf demonologist
 76392 | Elf:3    | Noticed a Brimstone Fiend
 76680 | Elf:3    | Killed a deep elf demonologist
 76879 | Elf:3    | Noticed a deep elf demonologist
 76890 | Elf:3    | Killed a deep elf demonologist
 76898 | Elf:3    | Identified the +4 ring mail "Exeaf" {rF- Str+3 Int+5}
 77092 | Elf:3    | Noticed a deep elf demonologist
 77097 | Elf:3    | Killed a deep elf demonologist
 77166 | Elf:3    | Noticed a deep elf sorcerer
 77181 | Elf:3    | Killed a deep elf sorcerer
 77274 | Elf:3    | Identified the cursed ring of Hadirext {rPois MR+ Str+4
                  | Int-4 Stlth+}
 77286 | Elf:3    | Identified the +9 falchion of Erysu {freeze, Int+5}
 77286 | Elf:3    | Identified the cursed ring "Tesimeef" {rPois rC- MP+9 EV-4
                  | Int+4}
 77301 | Elf:3    | Identified the +7 morningstar "Tix Xacuxt" {vorpal, +Fly
                  | rN+}
 77470 | Elf:3    | Identified a ring of the Octopus King {rN+ AC+1 EV+1 Str+1
                  | Int+1 Dex+1}
 77477 | Elf:3    | Reached skill level 14 in Necromancy
 77644 | Elf:3    | Noticed a deep elf demonologist
 77653 | Elf:3    | Killed a deep elf demonologist
 77680 | Elf:3    | Reached XP level 20. HP: 166/180 MP: 2/40
 77965 | Elf:3    | Noticed a deep elf sorcerer
 77976 | Elf:3    | Killed a deep elf sorcerer
 78092 | Elf:3    | Noticed a deep elf demonologist
 78098 | Elf:3    | Killed a deep elf demonologist
 78355 | Elf:3    | Noticed a deep elf sorcerer
 78367 | Elf:3    | Noticed a deep elf demonologist
 78367 | Elf:3    | Killed a deep elf sorcerer
 78370 | Elf:3    | Killed a deep elf demonologist
 78613 | Elf:3    | Identified the Handbook of Ghastly Orientation
 78961 | D:5      | Killed Flugkiller's ghost
 79128 | D:4      | Killed Grinder
 79644 | Depths:1 | Entered Level 1 of the Depths
 80105 | D:15     | Upgraded the game from 0.25-a0-1137-g7f6bfe439b to
                  | 0.26-a0-8-gc4d20be10f
 81377 | Depths:1 | Found a gateway to Hell.
 81776 | Depths:1 | Learned a level 5 spell: Summon Mana Viper
 81779 | Depths:1 | Learned a level 2 spell: Blink
 82658 | Depths:2 | Identified Ditufao's Grimoire of the Mountains and
                  | Intoxication
 84022 | Depths:2 | Found a gateway to a ziggurat.
 85513 | Depths:2 | Reached skill level 15 in Necromancy
 85515 | Depths:2 | Noticed a lich
 85524 | Depths:2 | Killed a lich
 85889 | Depths:2 | Reached skill level 17 in Fighting
 86587 | Depths:2 | Reached skill level 14 in Dodging
 86851 | Depths:2 | Noticed a caustic shrike
 86858 | Depths:2 | Killed a caustic shrike
 89491 | Depths:3 | Noticed the Enchantress
 89640 | Depths:2 | Killed the Enchantress
 90136 | Depths:3 | Noticed Bai Suzhen
 90203 | Depths:2 | Killed Bai Suzhen
 90203 | Depths:2 | Reached XP level 21. HP: 192/192 MP: 1/41
 91069 | Depths:3 | Found a one-way gate leading to the halls of Pandemonium.
 91184 | Depths:3 | Noticed a lich
 91188 | Depths:3 | Killed a lich
 91759 | Depths:3 | Noticed Saint Roka
 92146 | Depths:3 | Killed Saint Roka
 92864 | Depths:3 | Reached skill level 18 in Fighting
 93928 | Crypt:1  | Entered Level 1 of the Crypt
 94310 | Crypt:1  | Found a huge runed gate.
 94310 | Crypt:1  | Found a huge runed gate.
 94310 | Crypt:1  | Found a huge runed gate.
 94310 | Crypt:1  | Found a huge runed gate.
 94310 | Crypt:1  | Found a huge runed gate.
 94310 | Crypt:1  | Found a huge runed gate.
 94310 | Crypt:1  | Found a huge runed gate.
 94314 | Crypt:1  | Found a huge runed gate.
 94318 | Crypt:1  | Found a huge runed gate.
 94520 | Crypt:1  | Found a huge runed gate.
 94520 | Crypt:1  | Found a huge runed gate.
 94520 | Crypt:1  | Found a huge runed gate.
 94577 | Crypt:1  | Found a huge runed gate.
 94577 | Crypt:1  | Found a huge runed gate.
 94630 | Crypt:1  | Found a huge runed gate.
 94631 | Crypt:1  | Found a huge runed gate.
 94632 | Crypt:1  | Found a huge runed gate.
 94632 | Crypt:1  | Found a huge runed gate.
 94636 | Crypt:1  | Found a huge runed gate.
 94636 | Crypt:1  | Found a huge runed gate.
 94636 | Crypt:1  | Found a huge runed gate.
 94858 | Crypt:1  | Found a huge runed gate.
 94858 | Crypt:1  | Found a huge runed gate.
 94859 | Crypt:1  | Found a huge runed gate.
 94860 | Crypt:1  | Found a huge runed gate.
 94861 | Crypt:1  | Found a huge runed gate.
 94861 | Crypt:1  | Found a huge runed gate.
 94862 | Crypt:1  | Found a huge runed gate.
 94862 | Crypt:1  | Found a huge runed gate.
 95021 | Crypt:1  | Noticed a curse skull
 95030 | Crypt:1  | Killed a curse skull
 95046 | Crypt:1  | Reached skill level 15 in Dodging
 97173 | Crypt:2  | Reached skill level 1 in Maces & Flails
 97185 | Crypt:2  | Reached skill level 17 in Summonings
 97352 | Crypt:2  | Reached skill level 2 in Maces & Flails
 97668 | Crypt:2  | Reached skill level 3 in Maces & Flails
 97972 | Crypt:1  | Found a huge runed gate.
 97972 | Crypt:1  | Found a huge runed gate.
 97972 | Crypt:1  | Found a huge runed gate.
 97972 | Crypt:1  | Found a huge runed gate.
 97972 | Crypt:1  | Found a huge runed gate.
 97972 | Crypt:1  | Found a huge runed gate.
 98068 | Crypt:1  | Found a huge runed gate.
 98078 | Crypt:1  | Found a huge runed gate.
 98093 | Crypt:1  | Found a huge runed gate.
 98093 | Crypt:1  | Found a huge runed gate.
 98093 | Crypt:1  | Found a huge runed gate.
 98094 | Crypt:1  | Found a huge runed gate.
 98097 | Crypt:1  | Found a huge runed gate.
 98097 | Crypt:1  | Found a huge runed gate.
 98097 | Crypt:1  | Found a huge runed gate.
 98097 | Crypt:1  | Found a huge runed gate.
 98133 | Crypt:1  | Found a huge runed gate.
 98146 | Crypt:1  | Found a huge runed gate.
 98147 | Crypt:1  | Found a huge runed gate.
 98147 | Crypt:1  | Found a huge runed gate.
 98148 | Crypt:1  | Found a huge runed gate.
 98148 | Crypt:1  | Found a huge runed gate.
 98153 | Crypt:1  | Found a huge runed gate.
 98154 | Crypt:1  | Found a huge runed gate.
 98154 | Crypt:1  | Found a huge runed gate.
 98154 | Crypt:1  | Found a huge runed gate.
 98156 | Crypt:1  | Found a huge runed gate.
 98156 | Crypt:1  | Found a huge runed gate.
 98156 | Crypt:1  | Found a huge runed gate.
 98506 | Crypt:2  | Reached skill level 4 in Maces & Flails
 98695 | Crypt:2  | Noticed a curse skull
 98860 | Crypt:1  | Killed a curse skull
 99698 | Crypt:2  | Reached skill level 5 in Maces & Flails
100923 | Crypt:2  | Reached skill level 6 in Maces & Flails
101492 | Crypt:3  | Entered Level 3 of the Crypt
102905 | Crypt:3  | Reached skill level 7 in Maces & Flails
103101 | Crypt:3  | Found a staircase to the Tomb.
103850 | Crypt:3  | Reached skill level 8 in Maces & Flails
104065 | Crypt:3  | Found a basalt altar of Yredelemnul.
104227 | Crypt:3  | Noticed a curse skull
104231 | Crypt:3  | Killed a curse skull
105173 | Crypt:3  | Noticed a lich
105185 | Crypt:3  | Killed a lich
105599 | Crypt:3  | Noticed a lich
105605 | Crypt:3  | Killed a lich
106233 | Crypt:3  | Identified the Disquisition on Combat Magic and Black Arts
106235 | Crypt:3  | Identified the Guide on Shifting Intoxication
106345 | Crypt:3  | Reached skill level 9 in Maces & Flails
106996 | Crypt:3  | Identified the Collected Works on Evil
107420 | Crypt:3  | Learned a level 2 spell: Swiftness
107673 | Orc:2    | Bought a Necronomicon for 1435 gold pieces
108938 | Depths:4 | Noticed Sojobo
109238 | Depths:3 | --fuck sosjobnwean
109383 | Depths:4 | Killed Sojobo
109383 | Depths:4 | Reached XP level 22. HP: 202/202 MP: 15/42
109758 | Depths:4 | Gained mutation: You occasionally shout uncontrollably at
                  | your foes. [potion of mutation]
109758 | Depths:4 | Gained mutation: You possess an exceptional clarity of
                  | mind. [potion of mutation]
109758 | Depths:4 | Gained mutation: You expend magic power (3 MP) to
                  | strengthen your wands. [potion of mutation]
109759 | Depths:4 | Lost mutation: You occasionally shout uncontrollably at
                  | your foes. [potion of mutation]
109759 | Depths:4 | Lost mutation: You possess an exceptional clarity of mind.
                  | [potion of mutation]
109759 | Depths:4 | Lost mutation: You expend magic power (3 MP) to strengthen
                  | your wands. [potion of mutation]
109759 | Depths:4 | Lost mutation: You have sharp fingernails. [potion of
                  | mutation]
109759 | Depths:4 | Gained mutation: You are agile. (Dex +2) [potion of
                  | mutation]
109759 | Depths:4 | Gained mutation: You are resistant to hostile enchantments.
                  | (MR+) [potion of mutation]
109951 | Depths:4 | Paralysed by a floating eye for 3 turns
110585 | Snake:4  | Bought a ration for 55 gold pieces
110585 | Snake:4  | Bought a ration for 55 gold pieces
110585 | Snake:4  | Bought a ration for 55 gold pieces
110585 | Snake:4  | Bought a ration for 55 gold pieces
110585 | Snake:4  | Bought a ration for 55 gold pieces
110585 | Snake:4  | Bought a ration for 55 gold pieces
110585 | Snake:4  | Bought a ration for 55 gold pieces
110585 | Snake:4  | Bought a ration for 55 gold pieces
110585 | Snake:4  | Bought a ration for 55 gold pieces
112123 | Depths:4 | Reached skill level 10 in Maces & Flails
112381 | Depths:4 | Got a dazzling short sword
112389 | Depths:4 | Got a clouded lead ring
112393 | Depths:4 | Identified the cursed +1 short sword "Jietug" {holy,
                  | Fragile rC- Str+8 Dex+2} (You found it on level 4 of the
                  | Depths)
112395 | Depths:4 | Identified the ring "Wid Asm" {Fire Str+3 Dex+2} (You found
                  | it on level 4 of the Depths)
112581 | Depths:4 | Noticed Mennas
112604 | Depths:4 | Killed Mennas
113381 | Depths:4 | Reached skill level 18 in Summonings
113475 | Depths:4 | Cast into level 3 of the Abyss (+1 trident of distortion)
114106 | Abyss:3  | Reached skill level 11 in Maces & Flails
114718 | Depths:4 | Escaped the Abyss
115467 | Depths:4 | Got a serpentine glass ring
115468 | Depths:4 | Identified the ring of Kett {Str+6 Dex+2 Slay+3 Stlth+}
                  | (You found it on level 4 of the Depths)
115810 | Depths:5 | Entered Level 5 of the Depths
115879 | Depths:5 | Reached skill level 12 in Maces & Flails
116030 | Depths:5 | Noticed Frederick
116041 | Depths:5 | Killed Frederick
116059 | Depths:5 | Noticed a golden dragon
116072 | Depths:5 | Killed a golden dragon
117239 | Depths:5 | Got a bone flail
117410 | Depths:5 | Found a gate to the Realm of Zot.
118093 | Depths:5 | Got the +2 pair of boots "Nyc Ask" {rCorr Str+3 Stlth+}
118334 | D:13     | Paralysed by fainting for 9 turns
118533 | Vaults:5 | Entered Level 5 of the Vaults
119010 | Vaults:5 | Noticed a deep elf demonologist
119023 | Vaults:5 | Killed a deep elf demonologist
119027 | Vaults:5 | Noticed a deep elf demonologist
119034 | Vaults:5 | Killed a deep elf demonologist
119743 | Vaults:5 | Noticed an entropy weaver
119751 | Vaults:5 | Killed an entropy weaver
119761 | Vaults:5 | Reached XP level 23. HP: 187/211 MP: 6/43
120046 | Vaults:5 | Reached skill level 19 in Fighting
120251 | Vaults:5 | Noticed an entropy weaver
120254 | Vaults:5 | an entropy weaver changed into a spark wasp
120264 | Vaults:5 | Reached skill level 17 in Spellcasting
120426 | Vaults:5 | Learned a level 7 spell: Haunt
120486 | Vaults:5 | Noticed a lich
120491 | Vaults:5 | Identified the cursed +1 scythe "Wotim" {flame, rPois}
120491 | Vaults:5 | Identified the ring of Feedd {rPois rN++ Str-5 Dex+4}
120498 | Vaults:5 | Killed a lich
120500 | Vaults:5 | Noticed an ancient lich
120537 | Vaults:5 | Killed an ancient lich
120915 | Vaults:5 | Noticed an ancient lich
120945 | Vaults:5 | Killed an ancient lich
121411 | Vaults:5 | Reached skill level 16 in Dodging
121725 | Vaults:5 | Noticed a deep elf demonologist
121730 | Vaults:5 | Killed a deep elf demonologist
121813 | Vaults:5 | Found the +3 robe of Folly {Archmagi, MR-- Int+5}
122643 | Vaults:5 | Noticed Boris
122654 | Vaults:5 | Killed Boris
122823 | Vaults:5 | Got a silver rune of Zot
123182 | Vaults:5 | Noticed a deep elf sorcerer
123190 | Vaults:5 | Killed a deep elf sorcerer
124135 | Elf:3    | Bought a wand of clouds (3) for 357 gold pieces
124135 | Elf:3    | Bought a phantom mirror for 510 gold pieces
124135 | Elf:3    | Bought a wand of digging (5) for 306 gold pieces
124135 | Elf:3    | Bought a wand of digging (5) for 306 gold pieces
124135 | Elf:3    | Bought a box of beasts for 340 gold pieces
124872 | Zot:1    | Entered Level 1 of the Realm of Zot
124920 | Zot:1    | Reached skill level 18 in Spellcasting
124924 | Zot:1    | Reached skill level 1 in Throwing
125373 | Zot:1    | Reached skill level 2 in Throwing
125499 | Zot:1    | Reached skill level 20 in Fighting
125539 | Zot:1    | Reached skill level 3 in Throwing
125751 | Zot:1    | Reached skill level 4 in Throwing
126371 | Zot:1    | Reached skill level 5 in Throwing
127012 | Zot:1    | Reached skill level 6 in Throwing
127087 | Zot:1    | Noticed an orb of fire
127103 | Zot:1    | Killed an orb of fire
127473 | Zot:1    | Noticed a deep elf sorcerer
127474 | Zot:1    | Noticed an ancient lich
127496 | Zot:1    | Killed a deep elf sorcerer
127635 | Zot:1    | Killed an ancient lich
127635 | Zot:1    | Reached skill level 11 in Evocations
128229 | Zot:1    | Noticed an ancient lich
128244 | Zot:1    | Killed an ancient lich
128485 | Zot:1    | Reached XP level 24. HP: 216/221 MP: 45/45
128567 | Zot:2    | Reached skill level 12 in Evocations
129367 | Zot:2    | Reached skill level 13 in Evocations
129877 | Zot:4    | Noticed a curse toe
129879 | Zot:4    | Noticed a curse toe
130141 | Zot:4    | Noticed a curse toe
130456 | Zot:4    | Reached skill level 14 in Evocations
130462 | Zot:4    | Killed a curse toe
130739 | Zot:3    | Killed a curse toe
131014 | Zot:4    | Killed a curse toe
131015 | Zot:4    | Noticed a curse toe
131812 | Zot:4    | Killed a curse toe
132106 | Zot:4    | Reached skill level 15 in Evocations
132760 | Zot:5    | Entered Level 5 of the Realm of Zot
133120 | Zot:5    | Learned a level 8 spell: Borgnjor's Revivification
133125 | Zot:5    | Learned a level 4 spell: Dispel Undead
135346 | Zot:5    | Noticed an orb of fire
135357 | Zot:5    | Noticed an orb of fire
135366 | Zot:5    | Noticed a Killer Klown
135675 | Zot:5    | Killed a Killer Klown
135778 | Zot:5    | Lost mutation: You are agile. (Dex +2) [an orb of fire]
135779 | Zot:5    | Gained mutation: Your body sometimes deteriorates upon
                  | taking damage. [an orb of fire]
135782 | Zot:5    | Killed an orb of fire
136198 | Zot:5    | Reached skill level 16 in Evocations
136574 | Zot:5    | Noticed a Killer Klown
136594 | Zot:5    | Killed a Killer Klown
136764 | Zot:5    | Noticed a Killer Klown
136789 | Zot:5    | Killed a Killer Klown
136974 | Zot:5    | Noticed a Killer Klown
137001 | Zot:5    | Killed a Killer Klown
137001 | Zot:5    | Reached XP level 25. HP: 181/230 MP: 14/45
137247 | Zot:5    | Noticed a Killer Klown
137258 | Zot:5    | Killed a Killer Klown
137873 | Zot:5    | Noticed a Killer Klown
137904 | Zot:5    | Killed a Killer Klown
138191 | Zot:5    | Gained mutation: You are occasionally teleported next to
                  | monsters. [an orb of fire]
138208 | Zot:5    | Gained mutation: Your body often deteriorates upon taking
                  | damage. [an orb of fire]
138216 | Zot:5    | Killed an orb of fire
138216 | Zot:5    | Reached skill level 21 in Fighting
138216 | Zot:5    | Reached skill level 17 in Dodging
138217 | Zot:5    | Lost mutation: You are resistant to hostile enchantments.
                  | (MR+) [potion of mutation]
138217 | Zot:5    | Lost mutation: Your body often deteriorates upon taking
                  | damage. [potion of mutation]
138217 | Zot:5    | Lost mutation: Your body sometimes deteriorates upon taking
                  | damage. [potion of mutation]
138217 | Zot:5    | Gained mutation: Potions are less effective at restoring
                  | your health. [potion of mutation]
138217 | Zot:5    | Gained mutation: You have sharp toenails. [potion of
                  | mutation]
138218 | Zot:5    | Lost mutation: Potions are less effective at restoring your
                  | health. [potion of mutation]
138218 | Zot:5    | Lost mutation: You are occasionally teleported next to
                  | monsters. [potion of mutation]
138218 | Zot:5    | Gained mutation: You have sharp fingernails. [potion of
                  | mutation]
138218 | Zot:5    | Gained mutation: You evolve. [potion of mutation]
139645 | Zot:5    | Noticed a Killer Klown
139682 | Zot:5    | Killed a Killer Klown
139682 | Zot:5    | Reached skill level 17 in Evocations
139882 | Zot:5    | Got the Orb of Zot
140133 | Depths:2 | Noticed Usmeriora the pandemonium lord
140134 | Depths:2 | Cast into level 5 of the Abyss (Usmeriora)
140134 | Abyss:5  | Entered Level 5 of the Abyss
140157 | Abyss:5  | Found a hazy altar of Hepliaklqana.
140188 | Depths:2 | Escaped the Abyss
140321 | D:14     | Noticed a Brimstone Fiend
140323 | D:14     | Killed a Brimstone Fiend
140487 | D:7      | Gained mutation: [Your magical capacity is very low. (-20%
                  | MP)] [evolution]
140609 | D:$      | Escaped with the Orb!

Table legend:
 A = Turns spent in this place as a percentage of turns spent in the entire game.
 B = Non-inter-level travel turns spent in this place as a percentage of non-inter-level travel turns spent in the entire game.
 C = Inter-level travel turns spent in this place as a percentage of turns spent in this place.
 D = Turns resting spent in this place as a percentage of non-inter-level travel turns spent in this place.
 E = Turns spent auto-exploring this place as a percentage of non-inter-level travel turns spent in this place.
 F = Non-inter-level travel turns spent in this place divided by the number of levels of this place that you've seen.
                   A       B       C       D       E      F
               +-------+-------+-------+-------+-------+----------------------
         Total | 100.0 | 100.0 |   6.5 |  16.5 |  64.3 | 2228.2
       Dungeon |  17.9 |  17.1 |  10.7 |   8.1 |  73.4 | 1502.1
          Lair |   7.3 |   7.0 |  11.3 |   4.4 |  79.6 | 1524.3
        Shoals |   6.0 |   6.0 |   5.9 |  19.4 |  63.6 | 1983.0
     Snake Pit |   6.9 |   7.1 |   4.0 |  23.2 |  59.4 | 2318.5
  Orcish Mines |   2.2 |   2.0 |  13.7 |  16.0 |  60.7 | 1316.5
   Elven Halls |   7.7 |   7.8 |   4.8 |  13.9 |  68.4 | 3435.7
        Vaults |  14.1 |  14.0 |   7.3 |  10.1 |  69.7 | 3671.2
         Crypt |   8.8 |   9.0 |   3.4 |   7.7 |  75.0 | 3964.3
        Depths |  16.7 |  16.9 |   5.2 |  15.6 |  65.6 | 4451.2
           Zot |  10.2 |  10.7 |   2.6 |  51.9 |  27.4 | 2805.8
         Abyss |   2.0 |   2.1 |   0.0 |  12.8 |  39.5 | 699.5
        Bazaar |   0.0 |   0.1 |   0.0 |   0.0 |  77.3 |  66.0
         Sewer |   0.2 |   0.2 |   0.0 |   0.0 |  80.1 | 231.0
       Volcano |   0.0 |   0.0 |   0.0 |   0.0 |   0.0 |  13.0
               +-------+-------+-------+-------+-------+----------------------

Table legend:
 A = Kills in this place as a percentage of kills in entire the game.
 B = Kills by you in this place as a percentage of kills by you in the entire game.
 C = Kills by friends in this place as a percentage of kills by friends in the entire game.
 D = Other kills in this place as a percentage of other kills in the entire game.
 E = Experience gained in this place as a percentage of experience gained in the entire game.
 F = Experience gained in this place divided by the number of levels of this place that you have seen.
                   A       B       C       D       E      F
               +-------+-------+-------+-------+-------+----------------------
         Total | 100.0 | 100.0 | 100.0 | 100.0 | 100.0 | 20748.3
       Dungeon |  20.3 |  32.2 |   7.1 |  21.6 |   6.1 | 4978.2
          Lair |   7.1 |   9.8 |   4.1 |   8.1 |   4.2 | 8551.2
        Shoals |   7.3 |   3.9 |  11.1 |   8.1 |   5.3 | 16216.2
     Snake Pit |   6.0 |   7.0 |   4.9 |   8.1 |   5.5 | 16881.2
  Orcish Mines |   4.4 |   7.2 |   1.5 |   0.0 |   1.6 | 9880.5
   Elven Halls |   5.9 |   3.8 |   8.4 |   0.0 |   6.7 | 27227.0
        Vaults |  14.6 |  12.9 |  16.6 |  10.8 |  18.6 | 45509.0
         Crypt |   7.8 |   4.7 |  11.3 |   8.1 |   6.9 | 28353.7
        Depths |  15.4 |   5.7 |  26.0 |  21.6 |  18.0 | 44063.8
           Zot |   7.3 |   8.8 |   5.7 |   5.4 |  24.3 | 59464.0
         Abyss |   3.5 |   3.6 |   3.3 |   8.1 |   2.8 | 8493.2
         Sewer |   0.2 |   0.5 |   0.0 |   0.0 |   0.0 | 122.0
               +-------+-------+-------+-------+-------+----------------------

Action                   |  1- 3 |  4- 6 |  7- 9 | 10-12 | 13-15 | 16-18 | 19-21 | 22-24 | 25-27 || total
-------------------------+-------+-------+-------+-------+-------+-------+-------+-------+-------++-------
Melee: Dagger            |    10 |     7 |       |       |       |       |       |       |       ||    17
       Tailslap          |       |     2 |     9 |    32 |    76 |    93 |    77 |   170 |    19 ||   478
       Short sword       |       |    29 |   114 |   200 |   705 |   422 |       |       |       ||  1470
       Rapier            |       |       |       |       |       |   375 |   270 |    10 |       ||   655
       Demon whip        |       |       |       |       |       |       |   335 |   924 |   101 ||  1360
       Staff             |       |       |       |       |       |       |     2 |     5 |       ||     7
 Fire: Hunting sling     |       |     2 |       |       |     1 |       |       |       |       ||     3
Throw: Stone             |    11 |    15 |    16 |    30 |    19 |       |       |       |       ||    91
       Boomerang         |       |       |       |       |     2 |     1 |       |       |       ||     3
       Javelin           |       |       |       |       |       |       |     1 |       |       ||     1
 Cast: Freeze            |    43 |    47 |    77 |   103 |   203 |       |       |       |       ||   473
       Frozen Ramparts   |       |    25 |    28 |    80 |   177 |   165 |    78 |    59 |    11 ||   623
       Summon Ice Beast  |       |       |     2 |    22 |   245 |   180 |       |       |       ||   449
       Animate Skeleton  |       |       |       |    20 |    96 |     5 |       |       |       ||   121
       Ozocubu's Armour  |       |       |       |       |    19 |    28 |     3 |       |       ||    50
       Animate Dead      |       |       |       |       |    16 |    54 |    21 |     4 |       ||    95
       Vampiric Draining |       |       |       |       |     2 |     8 |       |       |       ||    10
       Summon Hydra      |       |       |       |       |       |   135 |   345 |   204 |       ||   684
       Summon Forest     |       |       |       |       |       |    14 |    23 |    10 |       ||    47
       Shadow Creatures  |       |       |       |       |       |    74 |   459 |   115 |     5 ||   653
       Death Channel     |       |       |       |       |       |    11 |    58 |    29 |       ||    98
       Borgnjor's Vile C |       |       |       |       |       |     9 |    51 |   177 |    43 ||   280
       Summon Mana Viper |       |       |       |       |       |       |    18 |     4 |       ||    22
       Swiftness         |       |       |       |       |       |       |     1 |       |       ||     1
       Haunt             |       |       |       |       |       |       |       |    90 |    21 ||   111
Invok: Sacrifice Experie |       |     1 |       |       |       |       |       |       |       ||     1
       Sacrifice a Hand  |       |       |     1 |       |       |       |       |       |       ||     1
       Sacrifice Stealth |       |       |     1 |       |       |       |       |       |       ||     1
       Sacrifice Purity  |       |       |       |     1 |       |       |       |       |       ||     1
       Sacrifice an Eye  |       |       |       |     1 |       |       |       |       |       ||     1
       Apocalypse        |       |       |       |     2 |    14 |     9 |    12 |     5 |     2 ||    44
       Draw Out Power    |       |       |       |       |       |     1 |     1 |       |       ||     2
       Power Leap        |       |       |       |       |       |       |       |       |     1 ||     1
 Abil: Breathe Dispellin |       |       |     3 |     9 |     1 |     5 |       |       |       ||    18
Evoke: Wand              |       |       |       |     4 |    14 |    34 |     7 |    32 |    21 ||   112
       Phial of floods   |       |       |       |       |     1 |     1 |       |       |       ||     2
       Lightning rod     |       |       |       |       |       |     4 |       |       |       ||     4
       Staff of energy   |       |       |       |       |       |       |       |     5 |       ||     5
       Box of beasts     |       |       |       |       |       |       |       |     3 |       ||     3
  Use: Scroll            |       |     9 |     5 |    12 |     8 |    23 |    15 |    19 |     7 ||    98
       Potion            |       |       |       |       |       |    15 |       |     7 |    18 ||    40
 Stab: Sleeping          |     4 |     1 |     3 |       |       |       |       |       |       ||     8
       Invisible         |       |       |       |     1 |     4 |     8 |    13 |     9 |     3 ||    38
       Paralysed         |       |       |       |     3 |    15 |    25 |     6 |    17 |     9 ||    75
       Distracted        |       |       |       |       |     5 |    10 |     9 |    27 |     1 ||    52
       Confused          |       |       |       |       |       |       |       |     2 |       ||     2
  Eat: Chunk             |     2 |    14 |    17 |    24 |    52 |    68 |    76 |    45 |       ||   298
       Ration            |       |       |       |     5 |    10 |    39 |    31 |    19 |     5 ||   109
Armor: Skin              |    13 |    14 |    47 |    91 |   277 |   269 |   286 |   219 |    29 ||  1245
Dodge: Dodged            |    22 |    43 |    77 |   279 |   906 |   954 |  1062 |  1008 |   110 ||  4461
Block: Other             |       |       |       |       |       |    93 |       |       |       ||    93
       Reflection        |       |       |       |       |       |     7 |       |       |       ||     7

Vanquished Creatures
  2 orbs of fire (Zot:5)
  Sojobo (Depths:4)
  6 Killer Klowns (Zot:5)
  Frederick (Depths:5)
  A curse toe (Zot:4)
  2 golden dragons
  the Enchantress (Depths:2)
  A lich (Crypt:3)
  A Brimstone Fiend (D:14)
  2 electric golems (Zot:5)
  4 tentacled monstrosities
  12 Orb Guardians
  A titan (Vaults:5)
  A quicksilver dragon (Zot:1)
  2 tentacled starspawn
  Frances (Elf:1)
  3 death cobs
  5 sphinxes
  An ancient champion (Crypt:3)
  A draconian monk (Zot:1)
  7 storm dragons
  4 shadow dragons
  A nagaraja (Snake:4)
  3 tengu reavers
  Ilsuiw (Shoals:3)
  2 fire giants (Zot:1)
  A deep elf sorcerer (Vaults:1)
  A ghost moth (Zot:3)
  A ghost moth (shapeshifter) (Depths:4)
  A draconian knight (Zot:4)
  2 iron dragons
  2 frost giants
  7 vault wardens
  An orc warlord (Orc:2)
  3 draconian scorchers
  2 curse skulls
  2 ghouls
  2 spriggan defenders
  2 draconian stormcallers
  5 draconian annihilators
  Aizul (Vaults:4)
  An entropy weaver (shapeshifter) (Vaults:1)
  A draconian shifter (Zot:2)
  6 stone giants
  9 very ugly things
  5 war gargoyles
  A vampire knight (Crypt:1)
  8 ironheart preservers
  An entropy weaver (Vaults:2)
  3 deep elf demonologists
  3 green draconians
  7 black draconians
  4 white draconians
  A yellow draconian (Zot:5)
  Azrael (D:14)
  A spark wasp (shapeshifter) (Vaults:5)
  5 purple draconians
  2 merfolk javelineers (Shoals:4)
  7 red draconians
  Snorg (Orc:1)
  An eidolon (Vaults:1)
  4 ettins
  4 deep elf death magi
  4 yaktaur captains
  Josephine (Lair:6)
  4 great orbs of eyes
  3 merfolk impalers
  5 fire dragons
  2 deep elf high priests
  An ice dragon (Vaults:5)
  2 rakshasas (Depths:2)
  6 naga warriors
  A merfolk avatar (Shoals:4)
  10 vault guards
  A death knight (D:14)
  4 hydras
  4 spriggan air magi
  A catoblepas (D:15)
  5 anacondas
  2 merfolk aquamancers (Shoals:4)
  11 two-headed ogres
  4 centaur warriors
  11 dancing weapons
  5 vampire magi
  A satyr (Shoals:2)
  3 ogre magi
  A deep troll shaman (Vaults:5)
  A hell hog (Abyss:3)
  2 deep troll earth magi
  A spriggan berserker (Depths:2)
  6 naga sharpshooters
  4 orc high priests (Orc:2)
  7 shock serpents
  2 thrashing horrors
  2 tengu warriors
  A hell knight (Depths:3)
  4 death yaks (Lair:6)
  Sonja (D:12)
  7 deep elf knights
  A sun demon (Abyss:3)
  A soul eater (Crypt:3)
  11 shadow wraiths
  An iron troll (Depths:1)
  A sixfirhy (Abyss:3)
  3 sea snakes
  2 spatial maelstroms (Abyss:3)
  A spark wasp zombie (Crypt:3)
  6 skeletal warriors
  A flayed ghost (Crypt:2)
  4 wizards
  9 deep trolls
  2 glowing orange brains (Depths:4)
  A shadow demon (D:8)
  2 lindwurms
  6 phantasmal warriors
  An unseen horror (Vaults:1)
  6 naga ritualists
  7 deep elf archers
  6 orc knights
  2 harpies (Shoals:4)
  10 ironbrand convokers
  A spectral fire dragon (Crypt:3)
  4 fauns
  39 deep elf magi
  4 mana vipers
  4 orc sorcerers
  A wolf spider zombie (Abyss:2)
  6 cyclopes
  2 manticores (Shoals:4)
  2 salamanders
  14 ugly things
  A worldbinder (Abyss:2)
  24 moths of wrath
  14 nameless horrors
  3 merfolk sirens (Shoals:3)
  16 black mambas
  A stone giant skeleton (D:15)
  7 elephants
  An apocalypse crab (Abyss:3)
  A torpor snail (Lair:5)
  A molten gargoyle (Vaults:1)
  17 naga magi
  A dire elephant skeleton (Crypt:1)
  Psyche (D:8)
  A green draconian zombie (Crypt:1)
  3 vault sentinels
  2 frost giant skeletons
  3 guardian serpents
  24 spiny frogs
  A yaktaur zombie (D:15)
  2 gargoyles
  A pale draconian zombie (Crypt:2)
  7 komodo dragons
  8 yaktaurs
  A yaktaur skeleton (D:15)
  A yaktaur (shapeshifter) (D:13)
  A rime drake (Lair:3)
  2 efreet (D:15)
  2 tengu conjurers
  6 freezing wraiths
  2 ancient zymes (Abyss:3)
  A guardian mummy (Crypt:3)
  13 merfolk
  10 trolls
  3 tyrant leeches (Lair:6)
  A jumping spider (shapeshifter) (Vaults:4)
  2 wind drakes
  11 blink frogs
  10 hippogriffs
  A hornet (Vaults:1)
  2 slime creatures (D:12)
  4 raiju (Abyss:3)
  A dream sheep (Shoals:1)
  5 snapping turtles
  A dream sheep (shapeshifter) (Depths:4)
  8 flying skulls
  2 redbacks (Vaults:4)
  6 water elementals
  2 air elementals
  A snapping turtle (shapeshifter) (Vaults:5)
  A spriggan (shapeshifter) (Vaults:2)
  6 shadows
  A spriggan (D:7)
  A tarantella (Vaults:2)
  10 wraiths
  A wyvern (shapeshifter) (Vaults:4)
  2 ynoxinuls
  4 large abominations
  A wyvern (Lair:6)
  19 yaks
  2 golden eyes (Vaults:1)
  A hog (shapeshifter) (Vaults:3)
  9 fire elementals
  4 vampire mosquitoes
  5 hungry ghosts
  19 nagas
  An insubstantial wisp (Depths:4)
  4 spatial vortices (Abyss:3)
  5 wargs
  3 small abominations
  Duvessa (D:4)
  3 acid dragons
  6 porcupines
  11 water moccasins
  5 hell hounds (D:14)
  A floating eye (Depths:3)
  34 orc warriors
  A sky beast (D:11)
  2 black bears
  3 ice beasts
  2 eyes of draining (D:8)
  3 phantoms
  A black bear (shapeshifter) (Vaults:1)
  2 necrophages
  11 starcursed masses
  12 wolves
  10 boggarts
  22 ogres
  An ogre (shapeshifter) (Vaults:3)
  5 crocodiles
  2 centaurs
  A big kobold (D:3)
  19 bullfrogs
  An earth elemental (Depths:4)
  Dowan (D:4)
  A water moccasin skeleton (D:6)
  2 scorpions (D:9)
  10 killer bees
  10 wights
  2 vampire bats (D:8)
  2 electric eels
  4 howler monkeys
  5 crimson imps
  A bullfrog zombie (D:10)
  2 centaur zombies
  A lava snake (D:14)
  2 quasits
  A human zombie (Crypt:2)
  4 hounds
  A human simulacrum (Vaults:1)
  3 centaur skeletons
  4 jellies
  20 orc priests
  2 iron imps (Abyss:3)
  4 iguanas
  Natasha (thrice) (D:3)
  24 orc wizards
  14 worker ants
  A porcupine skeleton (Crypt:2)
  A big kobold zombie (Crypt:1)
  A sky beast zombie (Crypt:2)
  A big kobold skeleton (Crypt:2)
  2 hound skeletons
  A worker ant zombie (D:9)
  An adder (shapeshifter) (Depths:4)
  4 gnolls (D:2)
  A howler monkey skeleton (D:7)
  19 adders
  4 shadow imps
  2 white imps (Abyss:3)
  An ufetubus (Abyss:2)
  An ooze (D:1)
  An iguana zombie (Crypt:2)
  3 adder skeletons
  2 worms
  3 dart slugs
  A dart slug (shapeshifter) (Vaults:5)
  6 leopard geckos
  96 orcs
  A ball python (shapeshifter) (Depths:4)
  3 bat skeletons (D:8)
  2 bat zombies (D:8)
  3 giant cockroaches
  9 hobgoblins
  14 jackals
  2 quokkas (D:3)
  6 bats
  7 frilled lizards
  7 goblins
  A goblin zombie (Crypt:2)
  A jackal skeleton (D:8)
  20 kobolds
  A quokka zombie (D:5)
  7 rats
  A spectral orc (D:5)
  A crawling corpse (Vaults:5)
  2 fungi (Lair:6)
  7 plants
  A starspawn tentacle (Abyss:2)
1335 creatures vanquished.

Vanquished Creatures (collateral kills)
  Mennas (Depths:4)
  An orb of fire (Zot:1)
  4 ancient liches
  Saint Roka (Depths:3)
  Bai Suzhen (Depths:2)
  Boris (Vaults:5)
  A Killer Klown (Zot:5)
  A golden dragon (Depths:5)
  3 curse toes
  A caustic shrike (Depths:2)
  5 bone dragons
  Jorgrun (Orc:2)
  4 liches
  7 tentacled monstrosities
  11 Orb Guardians (Zot:5)
  2 deep elf master archers (Elf:3)
  3 titans
  2 deep elf blademasters (Elf:3)
  3 quicksilver dragons
  An Executioner (Zot:3)
  4 death cobs
  6 sphinxes
  A tentacled starspawn (Abyss:3)
  Kirke (Shoals:3)
  7 ancient champions
  3 tengu reavers
  A kraken (Shoals:4)
  7 shadow dragons
  5 storm dragons
  A draconian monk (Depths:5)
  5 nagarajas (Snake:4)
  4 revenants
  3 fire giants
  A ghost moth (Zot:5)
  An iron dragon (Depths:2)
  2 draconian scorchers
  4 vault wardens
  8 frost giants
  9 deep elf sorcerers
  A draconian knight (Zot:1)
  A balrug (Depths:2)
  2 draconian stormcallers
  A ghoul (Crypt:2)
  2 draconian shifters (Zot:1)
  A curse skull (Crypt:1)
  5 spriggan defenders
  An angel (Abyss:3)
  3 deep elf elementalists (Elf:3)
  15 stone giants
  18 very ugly things
  9 ironheart preservers
  A stone giant (shapeshifter) (Depths:3)
  2 entropy weavers
  2 war gargoyles
  3 vampire knights
  5 green draconians
  10 deep elf demonologists
  A white draconian (Depths:5)
  4 black draconians
  2 spectral titans (Crypt:3)
  3 purple draconians
  4 yellow draconians
  A minotaur (shapeshifter) (Depths:4)
  2 spark wasps
  An eidolon (Crypt:1)
  2 red draconians (Zot:2)
  5 deep elf annihilators
  2 blizzard demons
  3 merfolk javelineers (Shoals:4)
  9 deep elf death magi
  10 fire dragons
  A spectral golden dragon (Crypt:3)
  12 merfolk impalers
  9 ettins
  5 deep elf high priests
  8 ogre magi
  5 jiangshi
  13 crystal guardians (Depths:4)
  10 great orbs of eyes
  8 ice dragons
  17 vault guards (Vaults:5)
  9 yaktaur captains
  4 rakshasas
  4 hydras
  4 spriggan air magi
  6 centaur warriors
  2 hydras (shapeshifter) (Depths:4)
  2 merfolk avatars
  6 naga warriors
  A catoblepas (Lair:6)
  2 death knights
  4 alligator snapping turtles (Shoals:4)
  A merfolk aquamancer (Shoals:4)
  3 anacondas
  28 two-headed ogres
  31 dancing weapons
  17 nameless horrors
  3 satyrs
  2 death yaks (Lair:5)
  9 deep troll earth magi
  7 deep troll shamans
  6 tengu warriors
  3 vampire magi
  4 thrashing horrors
  4 naga sharpshooters
  5 spriggan berserkers
  2 hell hogs (Abyss:3)
  2 sun demons (Depths:2)
  A soul eater (Crypt:2)
  13 deep elf knights
  5 hell knights (Depths:3)
  22 skeletal warriors
  A fire crab (Vaults:1)
  4 iron trolls
  11 shadow wraiths
  A wretched star (Abyss:2)
  9 glowing orange brains
  16 deep trolls
  A death drake (Abyss:2)
  3 naga ritualists
  A spatial maelstrom (Abyss:2)
  8 flayed ghosts
  A quicksilver dragon simulacrum (Crypt:1)
  7 sea snakes
  A lindwurm (shapeshifter) (Depths:5)
  A harpy (shapeshifter) (Depths:3)
  11 harpies
  An ironbrand convoker (Vaults:4)
  7 orc knights
  An orange crystal statue (Zot:5)
  2 wizards
  A wolf spider zombie (D:14)
  19 phantasmal warriors
  11 deep elf archers
  2 mana vipers (shapeshifter)
  3 necromancers
  2 wolf spiders (Vaults:1)
  20 ugly things
  A spectral ettin (Crypt:3)
  11 manticores
  26 deep elf magi
  5 mana vipers
  5 oklob plants
  4 salamanders
  A cyclops (Vaults:2)
  A cyclops (shapeshifter) (Depths:3)
  A shining eye (shapeshifter) (Depths:2)
  16 fauns
  A guardian serpent (Snake:3)
  A moth of wrath (Zot:3)
  5 elephants
  8 water nymphs
  An elephant (shapeshifter) (Zot:1)
  An apocalypse crab (Abyss:2)
  2 molten gargoyles
  12 vault sentinels
  7 black mambas
  A water nymph (shapeshifter) (Depths:4)
  10 merfolk sirens
  2 smoke demons (Abyss:3)
  A centaur skeleton (D:12)
  3 spiny frogs
  5 naga magi
  3 gargoyles
  2 torpor snails (Lair:5)
  The ghost of Flugkiller the Changer, a novice OpWn of Yredelemnul (D:5)
  A red draconian zombie (Crypt:1)
  27 yaktaurs
  A komodo dragon (Lair:6)
  11 freezing wraiths
  2 yaktaurs (shapeshifter)
  An alligator snapping turtle skeleton (Crypt:3)
  2 ancient zymes
  3 guardian mummies (Crypt:3)
  A merfolk (shapeshifter) (Vaults:1)
  7 large abominations
  5 tengu conjurers
  3 trolls
  A polar bear (Lair:5)
  2 wind drakes
  A red devil (Depths:1)
  31 merfolk
  A tyrant leech (Lair:6)
  5 blink frogs
  Grinder (D:4)
  2 hornets
  10 slime creatures
  5 snapping turtles
  A snapping turtle (shapeshifter) (Depths:3)
  A meliai zombie (D:15)
  2 raiju (Abyss:2)
  A death drake skeleton (Crypt:1)
  3 dream sheep (Shoals:2)
  2 spriggans
  8 shadows
  A redback (shapeshifter) (Depths:4)
  14 flying skulls
  An ice dragon skeleton (Crypt:1)
  6 redbacks
  7 water elementals
  7 wraiths
  A black mamba skeleton (Crypt:3)
  6 air elementals
  5 yaks
  A wyvern (D:11)
  2 ynoxinuls (Abyss:2)
  4 fire elementals (Depths:4)
  A fire bat (Abyss:2)
  A neqoxec (Zot:3)
  A human (Shoals:3)
  A golden eye (shapeshifter) (Depths:4)
  A hog (shapeshifter) (Vaults:2)
  A basilisk (shapeshifter) (Depths:4)
  4 hogs (Shoals:3)
  5 vampire mosquitoes
  4 hungry ghosts
  An insubstantial wisp (Depths:4)
  A naga (shapeshifter) (Depths:3)
  2 wargs (Orc:2)
  10 nagas
  2 acid dragons
  2 water moccasins
  2 porcupines
  3 floating eyes (Depths:2)
  A black bear (D:12)
  An eye of draining (D:13)
  11 orc warriors
  A phantom (D:13)
  An ice beast (D:12)
  A tengu (shapeshifter) (Vaults:4)
  11 ogres
  4 small abominations
  6 boggarts
  7 centaurs
  2 crocodiles
  A draconian zombie (Crypt:3)
  5 bullfrogs
  9 earth elementals
  A human simulacrum (Vaults:1)
  4 wights (D:15)
  A centaur zombie (D:12)
  A starcursed mass (Abyss:2)
  A lava snake (Vaults:1)
  2 hounds (D:11)
  3 orc priests
  4 orc wizards
  An iguana (shapeshifter) (Depths:2)
  An iguana (D:13)
  A human skeleton (Crypt:1)
  A demigod zombie (Crypt:1)
  A worker ant zombie (Crypt:3)
  A howler monkey skeleton (Crypt:3)
  5 adders
  A shadow imp (D:13)
  A white imp (Abyss:2)
  An adder skeleton (Crypt:2)
  A barachi skeleton (Crypt:3)
  A barachi zombie (Crypt:2)
  20 orcs
  A ball python (Snake:1)
  A bush (Lair:4)
  6 crawling corpses
  3 fungi
  6 plants
  3 starspawn tentacles (Abyss:2)
  2 tentacles (Shoals:4)
1214 creatures vanquished.

Vanquished Creatures (others)
  A shadow dragon (Zot:1)
  A frost giant (Vaults:5)
  A deep elf demonologist (Elf:3)
  A spark wasp (Depths:5)
  A great orb of eyes (Depths:3)
  An anaconda (Snake:3)
  A satyr (Shoals:4)
  A hell hog (Abyss:3)
  A tengu warrior (D:15)
  2 slime creatures
  A deep troll (Depths:2)
  A spectral ghost moth (Crypt:3)
  An unseen horror (D:15)
  A phantasmal warrior (Crypt:1)
  A harpy (Shoals:4)
  A lindwurm (Vaults:1)
  A wizard (Depths:2)
  An ugly thing (Vaults:1)
  A dire elephant zombie (Crypt:1)
  2 moths of wrath
  A naga mage (Snake:4)
  2 spiny frogs (Lair:6)
  3 yaktaurs
  2 nameless horrors
  A tengu conjurer (Depths:3)
  A merfolk (Shoals:1)
  A wind drake (Depths:4)
  A hornet (D:11)
  A hippogriff (Lair:1)
  2 water elementals (Depths:4)
  A human (Shoals:3)
  A wyvern (D:11)
  A golden eye (shapeshifter) (Depths:4)
  A small abomination (Abyss:3)
  A water moccasin (Snake:1)
  A boggart (Depths:1)
  A wight (D:11)
  A quasit (Abyss:3)
  A jelly (shapeshifter) (Depths:4)
  An orc priest (Orc:2)
  An orc wizard (D:10)
  8 ball lightnings (Depths:4)
  2 orcs
  6 fungi
  A lurking horror (Abyss:2)
  30 plants
  9 snaplasher vines
  7 starspawn tentacles (Abyss:3)
  6 tentacles (Shoals:4)
  8 withered plants (D:15)
125 creatures vanquished.

Grand Total: 2674 creatures vanquished There were no monsters in sight!

Levels and vault maps discovered:
D:1:      dpeg_arrival_orchard, layout_loops_ring, serial_glass,
          glass_columns_c, glass_columns_a
D:2:      minmay_razor_zed, layout_basic, nicolae_ru_great_annihilating_truth
D:3:      cheibrodos_thug_alley, layout_rooms,
          nicolae_dithmenos_through_a_glass_darkly, uniq_natasha
D:4:      minmay_inner_zag, layout_basic, minmay_temple_entry_arrows,
          first_ration, uniq_duvessa, uniq_grinder
D:5:      layout_basic, yredelemnul_forgotten_temple_becter,
          ebering_ghost_reflecting_pool, basic_altar
D:6:      layout_loops_ring, chequers_temple_overflow_statue_of_worship,
          nicolae_tso_carved_into_rock, portal_sewer_entry_d,
          minmay_misc_feat_cross
D:7:      layout_loops_cross, regret_index_temple_of_mockery,
          dancing_weapons_uskayaw, minitemple, kennysheep_mini, the_bakery
D:8:      layout_loops_ring, kennysheep_vampire_church, trog_eyes_of_draining,
          uniq_psyche
D:9:      layout_roguey, nicolae_overflow_crystal_walls, lair_entry_dummy,
          nicolae_elemental_shop, minmay_misc_feat_encased
D:10:     layout_long_grid
D:11:     layout_cave_pools
D:12:     layout_cave_pools, david_orc_3, minmay_statue_crystal_thing,
          uniq_sonja
D:13:     layout_grid_maze, erik_vaults_1, special_room [special_room_orc],
          basic_altar
D:14:     layout_long_grid, enter_trove_1, lemuel_statue_altar, grunt_decor_cap,
          amethyst_killhole, kennysheep_generic_room_16, uniq_azrael
D:15:     gammafunk_depths_entry_grave, layout_small_grid, minmay_misc_feat_x,
          minmay_ruined_shrine
Lair:1:   layout_gridlike, infiniplex_staircase_pool_2, serial_bayou_shore_b
Lair:2:   layout_cave_pods, infiniplex_staircase_pool, minmay_lair_oklob_chamber
Lair:3:   layout_chaotic_city, nicolae_volcano_entry_vermiform
Lair:4:   layout_regular_city, elwin_shoals_entry_stream,
          minmay_snake_entry_guardpost_small, beast_lair_carwin_8
Lair:5:   layout_small_grid, slime_altar_1, pf_torpor_hydra,
          serial_bayou_shore_b, grunt_megastairs_4
Lair:6:   minmay_lair_end_frog_pond, layout_small_grid, uniq_josephine
Shoals:1: layout_shoals, serial_shops, bzr_entry_road,
          nicolae_shoals_seven_spires
Shoals:2: layout_shoals, ldierk_geyser
Shoals:3: layout_shoals, serial_shops, shop_fountains, uniq_kirke, uniq_ilsuiw
Shoals:4: shoals_end_simple, layout_shoals
Snake:1:  minmay_snake_river, layout_rooms
Snake:2:  layout_onion
Snake:3:  layout_chambers, serial_shops, shop
Snake:4:  snake_pit, layout_basic, minmay_shop_grid_forest, grunt_ministairs_9
Orc:1:    layout_caves, basic_altar, uniq_snorg
Orc:2:    grunt_orc_tribal_feast, layout_caves, serial_shops, shop,
          gauntlet_entry_generic, uniq_jorgrun
Elf:1:    elf_arrival_002, layout_loops_cross,
          hangedman_elven_crosses_minicolossus, uniq_frances
Elf:2:    layout_geoelf_grid, serial_shops, nicolae_shop_window_shopping,
          minmay_shop_grove
Elf:3:    grunt_elf_hall_asides, layout_gridlike, serial_shops, shop,
          grunt_megastairs_5
Vaults:1: v_misc_12, v_misc_1, nicolae_vaults_stairing_the_circle,
          ontoclasm_vaults_pinch, vaults_room_door_hall, v_misc_18,
          dpeg_vaults_monster_row, nicolae_vaults_circle_grid_b,
          ontoclasm_vaults_ring_square, vaults_room_large_hall,
          hangedman_vaults_impose, nicolae_vaults_shelves_hall, st_check,
          layout_vaults_maze_bifur, serial_hangedman_research,
          hangedman_research_probablistics, hangedman_research_pyrotechnics
Vaults:2: minmay_crypt_entry_necro_gods, v_misc_19, ontoclasm_vaults_bender,
          nicolae_vaults_diagonal_hallway_6, v_alt_pattern_5,
          layout_vaults_omnigrid
Vaults:3: v_misc_19, hangedman_vaults_trim, v_misc_24,
          ontoclasm_vaults_misaligned, v_misc_2, vaults_dpeg_diagonal,
          vaults_room_fours, layout_vaults_chaotic_city
Vaults:4: ontoclasm_vaults_ring_square, hangedman_vaults_snaps,
          vaults_mumra_minichess, v_alt_pattern_6, grunt_vaults_focal,
          v_rooms_3, hangedman_vaults_maws, ontoclasm_vaults_eye,
          vaults_dpeg_encased_lava, layout_vaults_ring, uniq_aizul
Vaults:5: uniq_boris
Crypt:1:  layout_chaotic_city, door_vault
Crypt:2:  cheibrodos_crypt_eye_of_stone, layout_misc_corridors
Crypt:3:  church_of_pain_bobbens, layout_chaotic_city,
          tomb_entry_simple_bobbens, grunt_megastairs_2
Depths:1: layout_roguey, hangedman_geh_valley, kennysheep_path_1,
          serial_bayou_crossing, grunt_megastairs_3
Depths:2: hangedman_box_tower, layout_basic, enter_ziggurat_d, lightli_too_deep,
          minmay_misc_feat_columns, chequers_serial_rivers_small_a
Depths:3: kennysheep_six_static_rooms, layout_basic, pan_entry, hell_entry,
          wad_dig_loot, minmay_staircase_bubble, uniq_saint_roka,
          uniq_bai_suzhen, uniq_enchantress
Depths:4: radiant_caverns_a_rkd, abyss_entry, hell_entry, uniq_mennas,
          uniq_sojobo
Depths:5: grunt_zot_entry_tricorne, layout_cave_pools, pf_coc_iceberg,
          hangedman_abyss_or_decor_stabs, uniq_frederick
Zot:1:    hangedman_zot_vaults_quadrants, layout_onion_interference,
          hangedman_zot_decor_checkerboard
Zot:2:    lemuel_halls_of_wrath, layout_concentric_octagons
Zot:3:    layout_misc_corridors
Zot:4:    grunt_zot_stairs_overgrown, layout_misc_corridors, evilmike_ambush
          [evilmike_ambush_outer_doors, evilmike_ambush_inner_cross]
Zot:5:    layout_twisted_circle
